AoeStats
← τττArena Only

Arena

508020993Analyzed
4v4 RM · 13d ago on Sep 20, 2026· 46m 5s· 8 players
Game mode
Random Map
Map size
Large (8 player)
Population
200
Speed
Normal
Resources
Standard
Victory
Conquest
Starting age
Dark Age
Ending age
Imperial Age
RankedLock teamsTeams togetherTeam positionsShared explorationLock speedFull tech treeHidden civsTurbo modeCheats
Victory
Defeat
🇧🇷 Khmer · Brazil
1410
+13
🇨🇴 Bulgarians · Colombia
1372
+15
🇹🇷 Cumans · Türkiye
1339
+16
🇬🇧 Britons · United Kingdom
1311
+23
🇨🇭 Khmer · Switzerland
1482
-20
🇨🇳 Chinese · China
1351
-16
🇵🇱 Portuguese · Poland
1299
-14
🇵🇱 Poles · Poland
1271
-12
zularombr
5:43 Loom
8:18 Feudal Age
13:30 Double-Bit Axe
17:13 Fletching
19:58 Town Watch
31:13 Castle Age
30:04 Scale Barding Armor
30:09 Forging
30:48 Padded Archer Armor
31:21 Horse Collar
31:34 Stone Mining
31:34 Gold Mining
32:18 Bodkin Arrow
32:45 Bow Saw
35:59 Wheelbarrow
37:53 Thumb Ring
38:44 Leather Archer Armor
38:03 Elite Skirmisher
39:29 Hand Cart
40:14 Ballistics
40:33 Heavy Plow
45:46 Imperial Age
45:05 Chain Barding Armor
45:20 Iron Casting
46:30 Bracer
47:34 Chemistry
K9N
11:09 Feudal Age
11:54 Double-Bit Axe
14:50 Castle Age
12:36 Horse Collar
15:49 Bow Saw
16:15 Wheelbarrow
20:26 Heavy Plow
20:49 Stone Mining
21:30 Gold Mining
23:44 Gold Shaft Mining
23:50 Hand Cart
28:56 Imperial Age
26:39 Fletching
27:00 Forging
27:12 Ballistics
27:18 Loom
27:18 Town Watch
27:48 Bodkin Arrow
27:54 Padded Archer Armor
28:56 Leather Archer Armor
30:14 Bracer
30:44 Ring Archer Armor
29:35 Elite Longbowman
30:48 Scale Mail Armor
31:23 Iron Casting
30:35 Pikeman
31:16 Squires
32:20 Chemistry
31:25 Siege Engineers
31:31 Masonry
32:38 Fortified Wall
33:09 Chain Mail Armor
33:55 Blast Furnace
33:26 Conscription
32:46 Halberdier
34:03 Onager
36:41 Plate Mail Armor
36:44 Siege Engineers
40:11 Town Patrol
41:03 Hoardings
40:40 Masonry
40:10 Treadmill Crane
42:17 Architecture
Hakka1_90
10:49 Feudal Age
13:36 Castle Age
11:50 Double-Bit Axe
12:48 Horse Collar
13:48 Bloodlines
14:41 Wheelbarrow
18:48 Scale Barding Armor
21:36 Forging
24:48 Husbandry
25:29 Redemption
28:26 Heavy Plow
28:37 Bow Saw
29:48 Iron Casting
30:51 Chain Barding Armor
30:45 Gold Mining
31:50 Stone Mining
32:35 Gold Shaft Mining
36:29 Imperial Age
35:12 Hand Cart
35:17 Fletching
35:27 Padded Archer Armor
35:58 Bodkin Arrow
37:19 Bracer
37:35 Leather Archer Armor
38:01 Conscription
38:36 Crop Rotation
37:41 Elite Ballista Elephant
39:14 Ring Archer Armor
40:14 Ballistics
43:05 Chemistry
44:27 Double Crossbow
46:22 Coinage
GdR_!nF@Z
6:32 Loom
8:37 Feudal Age
10:01 Double-Bit Axe
11:56 Horse Collar
15:37 Wheelbarrow
16:43 Gold Mining
18:54 Town Watch
21:31 Castle Age
19:47 Stone Mining
21:52 Scale Barding Armor
24:06 Bloodlines
26:50 Imperial Age
25:12 Bow Saw
25:04 Heavy Plow
27:56 Hand Cart
27:55 Cavalier
29:41 Conscription
30:22 Pikeman
31:03 Squires
31:04 Scale Mail Armor
31:17 Forging
31:28 Chain Barding Armor
31:09 Scale Mail Armor
31:16 Halberdier
32:27 Scale Mail Armor
33:05 Iron Casting
32:30 Scale Mail Armor
32:58 Light Cavalry
34:32 Chain Mail Armor
35:44 Blast Furnace
36:07 Town Patrol
36:38 Crop Rotation
37:13 Two-Man Saw
36:54 Plate Barding Armor
36:52 Plate Mail Armor
36:59 Plate Barding Armor
35:47 Hussar
38:55 Chemistry
37:52 Murder Holes
38:08 Masonry
38:20 Ballistics
37:50 Arson
40:09 Paladin
IlikeStone
11:02 Feudal Age
12:55 Horse Collar
13:25 Double-Bit Axe
15:44 Castle Age
14:01 Double-Bit Axe
31:01 Imperial Age
28:00 Pikeman
28:40 Squires
30:58 Wheelbarrow
30:33 Loom
32:32 Hand Cart
32:33 Heavy Plow
36:07 Imperial Age
34:07 Crossbowman
35:14 Thumb Ring
35:26 Forging
35:17 Scale Mail Armor
35:08 Fletching
37:15 Conscription
37:14 Bow Saw
36:33 Arbalester
36:38 Light Cavalry
37:29 Bloodlines
37:19 Husbandry
37:50 Bodkin Arrow
37:56 Padded Archer Armor
38:04 Winged Hussar
39:09 Lechitic Legacy
40:39 Bracer
40:54 Leather Archer Armor
41:41 Ballistics
42:21 Chemistry
44:00 Onager
F1NBLOO
11:12 Feudal Age
14:41 Castle Age
12:37 Double-Bit Axe
12:48 Horse Collar
15:49 Bow Saw
15:53 Heavy Plow
20:54 Wheelbarrow
20:45 Gold Mining
22:12 Hand Cart
23:15 Gold Shaft Mining
23:29 Stone Mining
27:38 Imperial Age
25:07 Loom
26:26 Bloodlines
26:17 Husbandry
27:10 Scale Barding Armor
27:16 Forging
27:14 Town Watch
27:47 Tusk Swords
27:41 Elite Battle Elephant
28:47 Conscription
29:51 Chemistry
29:27 Chain Barding Armor
29:42 Iron Casting
30:18 Capped Ram
32:20 Plate Barding Armor
33:36 Blast Furnace
33:10 Caravan
33:35 Fletching
35:07 Double Crossbow
34:35 Light Cavalry
35:19 Padded Archer Armor
36:39 Hussar
38:21 Elite Ballista Elephant
42:44 Leather Archer Armor
44:01 Ring Archer Armor
43:56 Masonry
antikiller247
9:47 Feudal Age
11:49 Double-Bit Axe
15:08 Castle Age
13:18 Horse Collar
16:58 Wheelbarrow
20:21 Bow Saw
23:00 Heavy Plow
22:57 Loom
22:58 Town Watch
23:32 Gold Mining
23:32 Stone Mining
24:52 Forging
24:42 Scale Mail Armor
25:10 Pikeman
26:43 Chain Mail Armor
29:54 Imperial Age
28:21 Stone Shaft Mining
28:50 Fletching
29:19 Hand Cart
29:06 Elite Skirmisher
30:09 Ballistics
30:22 Bodkin Arrow
31:40 Chemistry
31:35 Conscription
32:03 Bracer
32:03 Halberdier
32:45 Padded Archer Armor
33:38 Crop Rotation
34:09 Two-Man Saw
34:20 Leather Archer Armor
33:51 Treadmill Crane
35:16 Iron Casting
35:12 Plate Mail Armor
35:40 Ring Archer Armor
37:55 Blast Furnace
37:18 Scale Barding Armor
41:14 Guilds
41:16 Siege Engineers
41:31 Bombard Tower
41:12 Arson
45:39 Chain Barding Armor
τττArena Only
0:30 Loom
10:55 Feudal Age
21:14 Fletching
26:21 Double-Bit Axe
27:51 Horse Collar
33:32 Castle Age
35:17 Bodkin Arrow
40:15 Gold Mining
Connection lost

Rejoining the realm…

Still unreachable

The connection could not be restored.

Session expired

The server has moved on; the page needs a fresh start.